 Dungeon Crawl Stone Soup version 0.31-a0-744-gbc345e7fcb (webtiles) character file.

Game seed: 3738995256949992139

67769 Dirtsage the Severer (level 14, -29/156 HPs)
             Began as a Demonspawn Berserker on Sept 13, 2023.
             Was a High Priest of Trog.
             Annihilated by an orc knight
             ... wielding a +0 war axe
              (36 damage)
             ... on level 2 of the Orcish Mines.
             The game lasted 00:38:48 (22426 turns).

Dirtsage the Severer (Demonspawn Berserker)        Turns: 22426, Time: 00:38:49

Health: -29/156    AC: 11    Str: 21    XL:     14   Next: 84%
Magic:  14/14      EV: 11    Int: 14    God:    Trog [*****.]
Gold:   1767       SH: 13    Dex: 16    Spells: 13/13 levels left

rFire   . . .        i - +12 hand axe of Abomination {heavy, Dex+3 Stlth+}
rCold   . . .        I - +0 kite shield
rNeg    . . .        M - +1 acid dragon scales
rPois   .            (helmet restricted)
rElec   .            (no cloak)
rCorr   +            e - +0 pair of gloves
SInv    .            s - +0 pair of boots
Will    +++..        L - amulet of faith Stlth
                     W - +4 ring of slaying
HPRegen 1.46/turn    Z - ring of flight
MPRegen 0.14/turn

%: faith
@: berserking, strong-willed, flying, regenerating, very quick
A: antennae 1, ignite blood 2, spiny 2, big brain 2
a: Renounce Religion, Berserk, Trog's Hand, Brothers in Arms


You were on level 2 of the Orcish Mines.
You worshipped Trog.
Trog was extremely pleased with you.
You visited 5 branches of the dungeon, and saw 20 of its levels.
You also visited: Ossuary.

You collected 2003 gold pieces.
You spent 236 gold pieces at shops.

Inventory:

Hand Weapons
 a - a +3 broad axe of flaming
 i - the +12 hand axe of Abomination (weapon) {heavy, Dex+3 Stlth+}
   (Trog gifted it to you on level 1 of the Orcish Mines)

   Dex+3:     It affects your dexterity (+3).
   Stlth+:    It makes you more stealthy.
 P - a +6 antimagic war axe
Missiles
 E - 5 silver javelins
 H - 2 throwing nets
Armour
 e - a +0 pair of gloves (worn)
 s - a +0 pair of boots (worn)
 I - a +0 kite shield (worn)
 M - +1 acid dragon scales (worn)
Jewellery
 F - a ring of protection from fire
 G - an amulet of guardian spirit
 L - an amulet of faith (around neck)
 S - a ring of see invisible
 V - an amulet of the acrobat
 W - a +4 ring of slaying (left hand)
 Z - a ring of flight (right hand)
Wands
 m - a wand of light (2)
 u - a wand of flame (5)
 D - a wand of digging (12)
 K - a wand of mindburst (14)
 U - a wand of roots (7)
Scrolls
 b - 2 scrolls of brand weapon
 c - 4 scrolls of poison
 d - 7 scrolls of fog
 f - 3 scrolls of torment
 j - 3 scrolls of silence
 k - 6 scrolls of vulnerability
 p - 5 scrolls of enchant weapon
 r - 2 scrolls of revelation
 t - 3 scrolls of teleportation
 v - 7 scrolls of immolation
 y - 2 scrolls of enchant armour
 B - 2 scrolls of blinking
 Q - 3 scrolls of noise
 X - a scroll of summoning
Potions
 g - 9 potions of mutation
 h - 3 potions of brilliance
 l - 8 potions of heal wounds
 n - a potion of resistance
 o - 7 potions of ambrosia
 q - 7 potions of curing
 w - 5 potions of cancellation
 x - 3 potions of invisibility
 z - 4 potions of attraction
 C - a potion of berserk rage
 J - 3 potions of lignification
 R - a potion of enlightenment {unknown}
Miscellaneous
 N - a sack of spiders
 O - a tin of tremorstones (2/2)
 T - a lightning rod (4/4)


   Skills:
 + Level 7.8 Fighting
 * Level 17.6 Axes
 + Level 6.8 Armour
 + Level 2.2 Dodging
 * Level 13.5 Shields
 - Level 5.0 Evocations


You had 13 spell levels left.
You didn't know any spells.
Your spell library contained the following spells:

 Spells                   Type           Power      Damage    Failure   Level
 Sting                    Tmut/Pois      0%         1d3       52%         1
 Blink                    Tloc           0%         N/A       65%         2
 Cigotuvi's Dreadful Rot  Necr/Pois/Air  0%         N/A       65%         2
 Lesser Beckoning         Tloc           0%         N/A       65%         2
 Momentum Strike          Conj/Tloc      0%         3d8       65%         2
 Poisonous Vapours        Pois/Air       0%         N/A       65%         2
 Scorch                   Fire           0%         2d5       65%         2
 Static Discharge         Conj/Air       0%         2-2/arc   65%         2
 Sublimation of Blood     Necr           0%         N/A       65%         2
 Wereblood                Tmut           0%         N/A       65%         2
 Stone Arrow              Conj/Erth      0%         3d7       87%         3
 Airstrike                Air            0%         2d(0-16)  99%         4
 Dimensional Bullseye     Hex/Tloc       0%         N/A       99%         4
 Dispel Undead            Necr           0%         3d6       99%         4
 Flame Wave               Conj/Fire      0%         2d4       99%         4
 Olgreb's Toxic Radiance  Pois           0%         N/A       99%         4
 Passage of Golubria      Tloc           0%         N/A       99%         4
 Petrify                  Tmut/Erth      0%         N/A       99%         4
 Summon Lightning Spire   Summ/Air       0%         N/A       99%         4
 Irradiate                Conj/Tmut      0%         3d11      100%        5
 Summon Forest            Summ/Tloc      0%         N/A       100%        5
 Death Channel            Necr           0%         N/A       100%        6
 Summon Cactus Giant      Summ           0%         N/A       100%        6


Dungeon Overview and Level Annotations

Branches:
Dungeon (11/15)            Temple (1/1) D:5            Lair (5/5) D:9
  Swamp (1/4) Lair:2       Spider (0/4) Lair:2        Slime (0/5) Lair:4
    Orc (2/2) D:11            Elf (0/3) Orc:2       Ossuary (visited)

Altars:
Ashenzari
Cheibriados
Dithmenos
Fedhas
Gozag
Hepliaklqana
Kikubaaqudgha
Makhleb
Nemelex Xobeh
Okawaru
Qazlal
Ru
Sif Muna
Trog
Uskayaw
Vehumet
Wu Jian
Xom
Yredelemnul

Shops:
D:3 (   D:4 !   D:10 *   Orc:2 (

Annotations:
Swamp:1 Nikola


Innate Abilities, Weirdness & Mutations

You have a pair of small antennae on your head.
Your demonic aura often causes spilled blood to erupt in flames.
You are mostly covered in sharp spines.
You have an extremely huge brain. (Int +4)


Message History

The orc high priest calls down the wrath of Beogh upon you.
Beogh smites you!
* * * LOW HITPOINT WARNING * * *
You take 17 damage, and have 1/156 hp.
The hellwing is engulfed in blazing flames.
You block the hellwing's attack.
The hellwing hits you but does no damage.
Things that are here:
a +0 great sword; a +0 chain mail You slash the orc high priest!
The orc high priest is lightly wounded.
You hit the hellwing.
The orc high priest no longer looks unusually strong.
The orc high priest is struck by your spines.
The orc high priest hits you but does no damage.
The hellwing is engulfed in blazing flames.
The hellwing barely misses you. x2
You slice the orc high priest!!
The orc high priest is severely wounded.
You hit the hellwing. You slash the orc high priest!
The orc high priest is almost dead.
You slash the hellwing!
You kill the hellwing!
The hellwing disappears in a puff of smoke!
The orc no longer looks unusually strong.
The orc high priest is engulfed in blazing flames.
You feel the power of Trog in you as your rage grows.
You kill the orc high priest!
Trog accepts your kill.
You slice the orc knight!!
The orc knight is moderately wounded.
The orc wizard no longer looks unusually strong.
The orc knight is engulfed in blazing flames.
The orc knight closely misses you.
You slash the orc knight!
The orc knight is severely wounded.
The orc knight is struck by your spines.
The orc knight hits you with a +0 war axe!!!
You die...

##### ....÷#
......### ....÷...#
÷...÷..o##
..○.4o°☼.##
.÷..ooo@).#
÷...÷o#°°)## .###
..÷.÷{##)..#
.....####. ##...#
....... # ###)...#
.........#####.....##
..................##
.............)...##
.............).###


You could see an orc knight (strong), an orc high priest, an orc sorcerer
(strong), a red devil (summoned), an orc priest (strong), an orc wizard and an
orc.

Vanquished Creatures
  Gastronok (Lair:1)
  An orc warlord (Orc:2)
  A fire dragon (Lair:5)
  3 hydras
  Erica (D:11)
  The ghost of Ge0ff the Mimic, a novice TrHW of Okawaru (D:9)
  16 death yaks
  A two-headed ogre (D:8)
  A tengu warrior (D:9)
  An orc high priest (Orc:2)
  Amaemon (Lair:2)
  2 skysharks
  A swamp dragon (Lair:5)
  5 orc knights
  3 orc sorcerers
  An ugly thing (D:11)
  A cyclops (Orc:1)
  7 black mambas
  10 elephants
  An orange demon (Lair:2)
  15 cane toads
  2 gargoyles (D:11)
  Maggie (Lair:1)
  2 kobold demonologists (D:11)
  4 rime drakes (Lair:5)
  10 komodo dragons
  A queen bee (D:9)
  9 polar bears (Lair:5)
  4 trolls
  A hornet (D:9)
  Prince Ribbit (D:9)
  2 raiju (Lair:5)
  8 dream sheep
  9 blink frogs
  A slime creature (D:9)
  2 jumping spiders (Lair:2)
  A culicivora (Lair:2)
  31 yaks
  A wraith (D:10)
  4 wyverns
  3 steam dragons (Lair:5)
  3 redbacks (Lair:2)
  4 basilisks
  10 wargs
  3 acid dragons (Lair:5)
  13 hell hounds (Lair:5)
  19 water moccasins
  15 orc warriors
  14 black bears
  7 ogres
  An ice beast (D:7)
  10 centaurs
  23 wolves
  2 kobold brigands
  3 phantoms
  2 elf zombies (Ossuary)
  16 bullfrogs
  2 scorpions
  2 gnoll sergeants (D:9)
  13 wights
  19 killer bees (D:9)
  A howler monkey (D:11)
  A centaur zombie (Ossuary)
  5 hounds
  3 human zombies (Ossuary)
  5 jellies
  14 orc priests
  3 gnoll boudas
  Jessica (D:2)
  Terence (D:2)
  2 hell rats (Lair:4)
  4 iguanas
  19 orc wizards
  2 mummies (Ossuary)
  22 gnolls
  10 adders
  9 river rats (Lair:4)
  2 shadow imps (D:6)
  An adder zombie (Ossuary)
  2 worms
  2 dart slugs
  54 orcs
  5 ball pythons
  5 endoplasms
  2 giant cockroaches
  7 goblins
  7 hobgoblins
  10 jackals
  4 quokkas
  8 bats
  9 frilled lizards
  A goblin zombie (Ossuary)
  12 hobgoblin zombies (Ossuary)
  7 kobolds
  9 kobold zombies (Ossuary)
  6 orc zombies (Ossuary)
  3 rats
  2 rat zombies (Ossuary)
612 creatures vanquished.

Notes
Turn   | Place    | Note
-------+----------+-------------------------------------------
     0 | D:1      | Dirtsage the Demonspawn Berserker began the quest for the
                  | Orb.
     0 | D:1      | Reached XP level 1. HP: 18/18 MP: 1/1
   128 | D:1      | Reached skill level 3 in Axes
   137 | D:1      | Gained mutation: You have a pair of small antennae on your
                  | head. [demonic ancestry]
   137 | D:1      | Reached XP level 2. HP: 24/24 MP: 2/2
   470 | D:1      | Reached ** piety under Trog
   471 | D:1      | Reached XP level 3. HP: 29/29 MP: 3/3
   629 | D:1      | Reached skill level 4 in Axes
   700 | D:2      | Noticed Terence
   700 | D:2      | Found an ancient bone altar of Kikubaaqudgha.
   703 | D:2      | Killed Terence
   762 | D:2      | Identified the +2 ring mail of Vlad {Int+2}
   771 | D:2      | Gained mutation: You are partially covered in sharp spines.
                  | [demonic ancestry]
   771 | D:2      | Reached XP level 4. HP: 35/35 MP: 4/4
  1211 | D:2      | Noticed Jessica
  1215 | D:2      | Killed Jessica
  1216 | D:2      | Reached skill level 5 in Axes
  1235 | D:2      | Found a faded altar of an unknown god.
  1530 | D:3      | Gained mutation: You have an unusually large brain. (Int
                  | +2) [demonic ancestry]
  1530 | D:3      | Reached XP level 5. HP: 36/41 MP: 5/5
  1540 | D:3      | HP: 1/61 [orc priest/nerve-wracking pain (4)]
  1981 | D:3      | Reached skill level 6 in Axes
  2326 | D:3      | Found Hiemorr's Antique Weapon Emporium.
  2457 | D:3      | Reached *** piety under Trog
  2597 | D:4      | Reached XP level 6. HP: 35/47 MP: 6/6
  2645 | D:4      | Found a sand-covered staircase.
  2650 | Ossuary  | Entered an ossuary
  2819 | Ossuary  | Reached skill level 7 in Axes
  2827 | Ossuary  | Reached XP level 7. HP: 52/52 MP: 7/7
  3093 | D:4      | Reached skill level 8 in Axes
  3761 | D:4      | Found Codu's Distillery.
  3769 | D:4      | Bought a potion of invisibility for 96 gold pieces
  3769 | D:4      | Bought a potion of heal wounds for 60 gold pieces
  3973 | D:5      | Entered Level 5 of the Dungeon
  4283 | D:5      | Found a staircase to the Ecumenical Temple.
  4358 | D:5      | Reached skill level 9 in Axes
  4358 | D:5      | Gained mutation: You are mostly covered in sharp spines.
                  | [demonic ancestry]
  4358 | D:5      | Reached XP level 8. HP: 56/58 MP: 8/8
  4409 | Temple   | Entered the Ecumenical Temple
  4724 | D:5      | Reached skill level 1 in Evocations
  4961 | D:6      | Reached **** piety under Trog
  4963 | D:6      | HP: 1/60 [gnoll/+0 spear[a gnoll bouda] (5)]
  5470 | D:6      | Reached XP level 9. HP: 65/66 MP: 9/9
  5674 | D:6      | Reached skill level 10 in Axes
  5918 | D:7      | Reached skill level 5 in Fighting
  6263 | D:7      | Reached skill level 5 in Armour
  6347 | D:7      | Reached skill level 5 in Evocations
  6710 | D:8      | Reached XP level 10. HP: 62/76 MP: 10/10
  6855 | D:8      | Noticed a two-headed ogre
  6861 | D:8      | Killed a two-headed ogre
  6862 | D:8      | Reached skill level 11 in Axes
  7794 | D:9      | Noticed Prince Ribbit
  7799 | D:9      | Killed Prince Ribbit
  7835 | D:9      | Found a transporter.
  7839 | D:9      | Found a transporter.
  7839 | D:9      | Noticed Ge0ff's ghost (novice TrHW)
  7839 | D:9      | Noticed a tengu warrior
  7948 | D:9      | Paralysed by a hornet for 2 turns
  7955 | D:9      | Paralysed by a hornet for 3 turns
  8230 | D:9      | Reached ***** piety under Trog
  8735 | D:9      | Reached skill level 12 in Axes
  8958 | D:9      | Found a staircase to the Lair.
  9201 | D:9      | Reached skill level 1 in Shields
  9201 | D:9      | Gained mutation: Your demonic aura sometimes causes spilled
                  | blood to erupt in flames. [demonic ancestry]
  9201 | D:9      | Reached XP level 11. HP: 84/84 MP: 11/11
  9389 | D:10     | Entered Level 10 of the Dungeon
  9820 | D:10     | Found Athy's Assorted Antiques.
  9829 | D:10     | Bought a scroll of identify for 40 gold pieces
  9829 | D:10     | Bought a scroll of identify for 40 gold pieces
 10225 | D:10     | Found a burning altar of Makhleb.
 10303 | Lair:1   | Entered Level 1 of the Lair of Beasts
 10531 | Lair:1   | HP: 6/126 [elephant (6)]
 10778 | Lair:1   | Reached skill level 13 in Axes
 10778 | Lair:1   | Reached skill level 5 in Shields
 11463 | Lair:1   | Noticed Maggie
 11481 | Lair:1   | Killed Maggie
 11579 | Lair:1   | Noticed a five-headed hydra
 11592 | Lair:1   | Killed a five-headed hydra
 11840 | Lair:1   | Noticed Gastronok
 11854 | Lair:1   | Killed Gastronok
 11855 | Lair:1   | Gained mutation: Your demonic aura often causes spilled
                  | blood to erupt in flames. [demonic ancestry]
 11855 | Lair:1   | Reached XP level 12. HP: 91/91 MP: 12/12
 12194 | Lair:1   | Reached skill level 14 in Axes
 12194 | Lair:1   | Received a gift from Trog
 12588 | Lair:2   | Noticed Amaemon
 12590 | Lair:2   | Found a hole to the Spider Nest.
 12602 | Lair:2   | Killed Amaemon
 12912 | Lair:2   | Found a staircase to the Swamp.
 13011 | Lair:2   | Noticed a death yak
 13011 | Lair:2   | Noticed a death yak
 13012 | Lair:2   | Noticed a death yak
 13012 | Lair:2   | Noticed a death yak
 13012 | Lair:2   | Noticed a death yak
 13053 | Lair:2   | Killed a death yak
 13059 | Lair:2   | Killed a death yak
 13064 | Lair:2   | Killed a death yak
 13064 | Lair:2   | Killed a death yak
 13130 | Lair:2   | Killed a death yak
 14276 | Swamp:1  | Entered Level 1 of the Swamp
 14276 | Swamp:1  | Noticed Nikola
 14276 | Swamp:1  | Noticed an eleionoma
 14312 | Lair:3   | Reached skill level 15 in Axes
 14322 | Lair:3   | Reached XP level 13. HP: 97/97 MP: 4/13
 14571 | Lair:3   | Reached skill level 10 in Shields
 16291 | Lair:4   | You fall into a shaft and drop 1 floor!
 16291 | Lair:5   | Entered Level 5 of the Lair of Beasts
 16571 | Lair:4   | Reached skill level 16 in Axes
 16728 | Lair:4   | Identified the +1 war axe "Ushiwume" {holy, Drain Will+
                  | Str+3}
 16739 | Lair:4   | Found a staircase to the Slime Pits.
 17967 | Lair:5   | Gained mutation: You have an extremely huge brain. (Int +4)
                  | [demonic ancestry]
 17967 | Lair:5   | Reached XP level 14. HP: 76/103 MP: 4/14
 18157 | Lair:5   | Received a gift from Trog
 18590 | Lair:5   | Got the Parchment of Sulphur
 19082 | Lair:5   | Reached skill level 17 in Axes
 19794 | Lair:5   | HP: 5/103 [poisoned by a swamp dragon (poison gas)]
 19797 | Lair:5   | HP: 2/103 [poisoned by a swamp dragon (poison gas)]
 20535 | D:9      | Killed Ge0ff's ghost
 20761 | D:11     | Noticed Erica
 20770 | D:11     | Killed Erica
 21622 | D:11     | Found a staircase to the Orcish Mines.
 21634 | Orc:1    | Entered Level 1 of the Orcish Mines
 22046 | Orc:2    | Entered Level 2 of the Orcish Mines
 22046 | Orc:2    | Found a staircase to the Elven Halls.
 22053 | Orc:2    | Noticed an orc warlord
 22068 | Orc:2    | Killed an orc warlord
 22125 | Orc:1    | Identified the +12 hand axe of Abomination {heavy, Dex+3
                  | Stlth+} (Trog gifted it to you on level 1 of the Orcish
                  | Mines)
 22125 | Orc:1    | Received a gift from Trog
 22278 | Orc:2    | Found Axaedosh's Firing Range.
 22420 | Orc:2    | HP: 1/156 [orc high priest/divine providence (12)]
 22426 | Orc:2    | Annihilated by an orc knight

Illustrated notes

Levels and vault maps discovered:
D:1:      shiori_arrival_maze, layout_rooms, st_stairs_6
D:2:      layout_rooms, basic_altar,
          dreamdust_ecumenical_altar_hidden_monk_grotto, uniq_terence,
          uniq_jessica
D:3:      minmay_recursive_quarters, layout_loops_ring, serial_shops, shop,
          kennysheep_pointless_box, roderic_serpentine_path
D:4:      layout_basic, nicolae_ossuary_entry_plus, serial_shops,
          nicolae_shop_advertising_works [nicolae_subvault_shop_adworks]
D:5:      layout_loops_cross, minmay_temple_entry_statues
D:6:      layout_basic, nicolae_grassy_gnolls
D:7:      layout_rooms, minmay_fractal_squares_diagonal_5
D:8:      layout_basic
D:9:      layout_roguey [special_room_bee], erik_lair_orcish_takeover,
          gammafunk_ghost_arena, uniq_prince_ribbit1
D:10:     layout_cave_pods, lightli_temple_of_fire, serial_shops, shop
D:11:     layout_rooms, david_orc_4, tso_oasis_becter, uniq_erica
Temple:   mainiacjoe_temple_circle_huts
Lair:1:   layout_regular_city, pdpol_lair_neglected_garden, serial_bayou_pond_b,
          minivault_27, minmay_hedge_maze, nzn_random_ring,
          serial_bayou_shore_b, lemuel_fruit_tree, uniq_gastronok, uniq_maggie
Lair:2:   layout_cave_pods, swamp_mist_pool, nicolae_spider_entry_tight_spaces,
          uniq_amaemon
Lair:3:   layout_layer_cave, grunt_megastairs_5
Lair:4:   layout_long_grid, slime_entry_1, kennysheep_rathole
Lair:5:   guppyfry_lair_end_dragon, layout_long_grid,
          hangedman_lair_caniforms_friends, minivault_19, minmay_lair_drake_nest
Swamp:1:  layout_basic_swamp, evilmike_swamp_ruin_rubble_1, swamp_pool3,
          uniq_louise, uniq_nikola
Orc:1:    layout_caves, nicolae_orc_flooded_monolith
Orc:2:    grunt_orc_tribal_feast, layout_caves, basic_altar,
          nicolae_shop_firing_range

Skill      XL: |  1  2  3  4  5  6  7  8  9 10 11 12 13 14 |
---------------+-------------------------------------------+-----
Axes           | 3 4 5 6 7 9 10 12 13 15 16 17 | 17.6
Armour         | 3 5 6 |  6.8
Evocations     | 3 5 |  5.0
Fighting       | 4 6 7 |  7.8
Shields        | 1 6 9 11 13 | 13.5
Dodging        | 2 |  2.2

Action                     |  1- 3 |  4- 6 |  7- 9 | 10-12 | 13-15 || total
---------------------------+-------+-------+-------+-------+-------++-------
  Melee: Hand axe          |    95 |   135 |   255 |   424 |    37 ||   946
         Punch             |     3 |     1 |     3 |     3 |       ||    10
         Flail             |       |       |       |     7 |     3 ||    10
         War axe           |       |       |       |   103 |   325 ||   428
         Broad axe         |       |       |       |       |   164 ||   164
 Invoke: Berserk           |     3 |     3 |     8 |    16 |    16 ||    46
         Trog's Hand       |       |     1 |     3 |     4 |     4 ||    12
         Brothers in Arms  |       |       |       |       |     1 ||     1
  Evoke: Wand              |       |       |       |     2 |       ||     2
    Use: Scroll            |       |     7 |     6 |     5 |     8 ||    26
         Potion            |       |       |     2 |     1 |       ||     3
 Armour: Ring mail         |    62 |    67 |   188 |   221 |       ||   538
         Acid dragon scale |       |       |       |   112 |   355 ||   467
  Dodge: Dodged            |    80 |    55 |   105 |   178 |   176 ||   594
  Block: Kite shield       |       |       |       |   122 |   285 ||   407

Table legend: (Time is in decaauts)
 A = Elapsed time spent in this place.
 B = Non-inter-level travel time spent in this place.
 C = Inter-level travel time spent in this place.
 D = Time resting spent in this place.
 E = Time spent auto-exploring this place.
 F = Levels seen in this place.
 G = Mean time per level.
                   A        B        C        D        E       F      G
               +--------+--------+--------+--------+--------+-----+--------+
         Total |  22583 |  21838 |    745 |   3653 |  15105 |  21 | 1075.4 |
       Dungeon |  11524 |  11072 |    452 |   1499 |   8128 |  11 | 1047.6 |
        Temple |      1 |      1 |      0 |      0 |      0 |   1 |    1.0 |
          Lair |   9849 |   9582 |    267 |   1873 |   6424 |   5 | 1969.8 |
         Swamp |      1 |      1 |      0 |      0 |      0 |   1 |    1.0 |
  Orcish Mines |    778 |    753 |     25 |    218 |    365 |   2 |  389.0 |
       Ossuary |    427 |    427 |      0 |     62 |    188 |   1 |  427.0 |
               +--------+--------+--------+--------+--------+-----+--------+

Top non-repeatable levels by time:
  Lair:5: 2621 daAuts
     D:9: 2144 daAuts
  Lair:4: 2006 daAuts
  Lair:2: 1966 daAuts
  Lair:1: 1885 daAuts
  Lair:3: 1369 daAuts
     D:3: 1200 daAuts
     D:8: 1155 daAuts
     D:4: 1007 daAuts
    D:10: 987 daAuts
     D:6: 980 daAuts
    D:11: 932 daAuts
     D:5: 929 daAuts
     D:7: 766 daAuts
     D:1: 722 daAuts
